 Dungeon Crawl Stone Soup version 0.22.1-2-g9c5b331 (webtiles) character file.

57908 nightchill the Basher (level 14, -1/96 HPs)
             Began as a Gargoyle Fighter on Dec 14, 2018.
             Was the Champion of Okawaru.
             Shot with a bolt by an orc knight (8 damage)
             ... on level 13 of the Dungeon on Dec 17, 2018.
             The game lasted 01:40:20 (28354 turns).

nightchill the Basher (Gargoyle Fighter)           Turns: 28354, Time: 01:40:21

Health: -1/96      AC: 26    Str: 20    XL:     14   Next: 88%
Magic:  24/29      EV: 10    Int: 14    God:    Okawaru [******]
Gold:   1080       SH: 10    Dex: 13    Spells: 9/13 levels left

rFire    . . .     SeeInvis +   a - +7 flail of Modesty {venom, Dex+4}
rCold    + . .     Gourm    .   Q - +3 warlock's mirror {reflect}
rNeg     + . .     Faith    .   w - +4 ring mail {rC+}
rPois    ∞         Spirit   .   T - +0 helmet {SInv}
rElec    +         Reflect  +   G - +0 cloak
rCorr    .         Harm     .   o - +1 pair of gloves
MR       +....                  (no boots)
Stlth    +.........             x - amulet of rage
HPRegen  0.26/turn              C - +1 ring of protection
MPRegen  0.21/turn              O - ring of magical power

@: flying
A: big wings, negative energy resistance 1, electricity resistance, unbreathing,
petrification resistance, rot immunity, AC +10
a: Stop Flying, Heroism, Finesse, Renounce Religion, Evoke Berserk Rage


You were on level 13 of the Dungeon.
You worshipped Okawaru.
Okawaru was exalted by your worship.
You were not hungry.

You visited 5 branches of the dungeon, and saw 22 of its levels.

You collected 2235 gold pieces.
You spent 1155 gold pieces at shops.

Inventory:

Hand Weapons
 a - the +7 flail of Modesty (weapon) {venom, Dex+4}
   (You found it on level 6 of the Dungeon)

   It poisons the flesh of those it strikes.
   It affects your dexterity (+4).
 c - a +0 morningstar
Missiles
 j - 3 throwing nets (quivered)
 D - 31 tomahawks
Armour
 o - a +1 pair of gloves (worn)
 w - a +4 ring mail of cold resistance (worn)
 G - a +0 cloak (worn)
 Q - the +3 warlock's mirror (worn) {reflect}
   (You bought it in a shop on level 10 of the Dungeon)
 T - a +0 helmet of see invisible (worn)
 V - a +2 plate armour of fire resistance
Magical Staves
 b - an uncursed staff of energy
Jewellery
 s - an uncursed ring of ice
 x - an amulet of rage (around neck)
 C - a +1 ring of protection (left hand)
 O - a ring of magical power (right hand)
Wands
 A - a wand of digging (26)
 B - a wand of flame (3)
 I - a wand of disintegration (13)
 J - a wand of enslavement (30)
 M - a wand of polymorph (8)
 U - a wand of paralysis (2)
Scrolls
 e - 4 scrolls of amnesia
 h - a scroll of blinking
 k - 5 scrolls of teleportation
 m - 2 scrolls of vulnerability
 n - 5 scrolls of fog
 p - 5 scrolls of immolation
 y - 9 scrolls of identify
 z - 6 scrolls of remove curse
 E - a scroll of enchant armour
 K - a scroll of fear
Potions
 d - 3 potions of might
 g - 4 potions of magic
 l - 3 potions of heal wounds
 q - 8 potions of agility
 r - a potion of mutation
 t - 3 potions of lignification
 u - 2 potions of berserk rage
 v - 9 potions of curing
 F - 2 potions of resistance
 H - a potion of haste
 L - 2 potions of brilliance
Comestibles
 f - 20 rations


   Skills:
 + Level 14.0 Fighting
 + Level 14.2 Maces & Flails
 + Level 6.8 Armour
 - Level 12.3 Shields
 - Level 8.0 Poison Magic
 - Level 8.0 Invocations
 + Level 4.8 Evocations


You had 9 spell levels left.
You knew the following spells:

 Your Spells              Type           Power        Failure   Level  Hunger
a - Olgreb's Toxic Radia  Pois           ###.....     17%         4    #####..

Your spell library contained the following spells:

 Spells                   Type           Power        Failure   Level  Hunger
 Sting                    Conj/Pois      ##..         9%          1    ##.....
 Poisonous Vapours        Pois/Air       ##....       13%         2    ###....
 Confusing Touch          Hex            #.....       41%         1    ##.....
 Freeze                   Ice            #...         41%         1    ##.....
 Summon Small Mammal      Summ           #...         41%         1    ##.....
 Mephitic Cloud           Conj/Pois/Air  #.......     41%         3    ####...
 Call Imp                 Summ           #.......     56%         2    ###....
 Throw Frost              Conj/Ice       #.....       56%         2    ###....
 Call Canine Familiar     Summ           #.......     80%         3    ####...
 Confuse                  Hex            #.......     80%         3    ####...
 Gell's Gravitas          Tloc           #.........   80%         3    ####...
 Ozocubu's Armour         Chrm/Ice       #.......     80%         3    ####...
 Summon Guardian Golem    Hex/Summ       #.......     80%         3    ####...
 Venom Bolt               Conj/Pois      ##........   94%         5    ######.
 Petrify                  Tmut/Erth      #.......     99%         4    #####..
 Summon Ice Beast         Ice/Summ       #.......     99%         4    #####..
 Summon Lightning Spire   Summ/Air       #.......     99%         4    #####..
 Throw Icicle             Conj/Ice       #.......     99%         4    #####..
 Metabolic Englaciation   Hex/Ice        #.........   100%        5    ######.
 Yara's Violent Unravell  Hex/Tmut       #.........   100%        5    ######.


Dungeon Overview and Level Annotations

Branches:
Dungeon (13/15)            Temple (1/1) D:5            Lair (5/6) D:9
 Shoals (0/4) Lair:2        Snake (1/4) Lair:2          Orc (2/2) D:9
  Slime: Lair:5-6       Elf: Orc:2       Vaults: D:13-14

Altars:
Ashenzari
Dithmenos
Elyvilon
Fedhas
Kikubaaqudgha
Nemelex Xobeh
Okawaru
Sif Muna
Uskayaw
Yredelemnul
Beogh

Shops:
D:4 *   D:9 *:   D:10 *   D:11 *(*}*   Orc:2 ?!:[=

Annotations:
D:1 1 runed door
D:2 !lots of nasties, Sigmund
D:7 1 runed door, exclusions: door and downstairs
D:8 exclusion: downstairs
D:9 3 runed doors, exclusion: 3 doors, beigtais's ghost, journeyman DsWz
D:12 exclusions: 2 doors and 3 more exclusions
Lair:4 exclusion: 3 oklob plants
Orc:2 !st roka, Saint Roka


Innate Abilities, Weirdness & Mutations

You are resistant to torment.
Your stone body is resilient. (AC +10)
You are immune to poison.
Your large and strong wings let you fly indefinitely.
You resist negative energy. (rN+)
You are resistant to electric shocks. (rElec)
You can survive without breathing.
You are immune to petrification.
You are immune to rotting.


Message History

A deep elf mage comes into view. It is wielding a rapier.
The deep elf mage shouts!
The yaktaur shoots a bolt.
You reflect the bolt off your +3 warlock's mirror {reflect}!
The bolt hits the yaktaur!!
The deep elf mage points at you and mumbles some strange words.
The bolt of magma hits you!
* * * LOW HITPOINT WARNING * * *
The orc knight unwields an uncursed arbalest.
The orc knight wields an uncursed great sword of slicing.
The orc knight hits you with an uncursed great sword of slicing.
* * * LOW HITPOINT WARNING * * *
x2 You hear a shout!
The deep elf mage casts a spell at you. The bolt of magma hits you!
* * * LOW HITPOINT WARNING * * *
The orc knight unwields an uncursed great sword of slicing.
The orc knight wields an uncursed arbalest.
The orc knight shoots a bolt.
The bolt hits you!
You die...

(.............#
((............# . ..# .
..(..)...)....# .##..# .
...÷..........# #.#..#.#
.......)......# ##.#..#.# .
..............# .......†.
...[..........#####e#..#.###
.....................§......
...)............@..K(c......
..............#####o#..#.###
......).......# #.()h..(..(
#############.#))##.#.c#(##
........#. #.#..# #
........# .##..# ........# .
..# #######.# # .h# #..


You could see an orc knight, a yaktaur, a deep elf mage and a kobold.

Vanquished Creatures
  An orc warlord (Orc:2)
  A vampire knight (D:12)
  Harold (D:7)
  3 hydras
  A centaur warrior (D:13)
  An anaconda (Snake:1)
  3 two-headed ogres
  A vampire mage (D:12)
  An orc high priest (Orc:1)
  Nergalle (D:12)
  5 skeletal warriors
  2 unseen horrors
  7 orc knights (Orc:2)
  An orc sorcerer (Orc:1)
  2 ugly things
  A manticore (D:12)
  3 cyclopes
  Psyche (D:9)
  Maurice (Orc:1)
  A gargoyle (D:11)
  2 black mambas
  10 spiny frogs
  3 centaur skeletons
  2 kobold demonologists
  6 komodo dragons
  A polar bear (Lair:2)
  4 meliai
  3 trolls
  6 hippogriffs
  Grinder (D:5)
  3 hornets (D:12)
  3 blink frogs (Lair:2)
  31 flying skulls (D:12)
  24 yaks
  6 vampires (D:12)
  2 basilisks
  2 wyverns
  5 hungry ghosts
  7 wargs
  A naga (Snake:1)
  A soldier ant (D:11)
  An acid dragon (D:13)
  13 water moccasins
  6 sky beasts
  9 porcupines
  A black bear (D:10)
  39 orc warriors
  4 ice beasts
  2 phantoms (D:11)
  17 centaurs
  7 ogres
  11 wolves
  6 crocodiles
  3 big kobolds
  A gnoll sergeant (D:11)
  13 bullfrogs
  3 scorpions
  14 killer bees
  5 wights (D:10)
  7 electric eels
  9 howler monkeys
  5 crimson imps
  2 centaur zombies
  3 bullfrog zombies
  3 quasits
  10 hounds
  13 orc priests
  4 human zombies (D:12)
  21 orc wizards
  Jessica (D:2)
  5 iguanas
  Natasha (D:2)
  8 worker ants
  A hound zombie (D:6)
  A hound skeleton (D:11)
  8 gnolls
  A howler monkey skeleton (D:4)
  19 adders
  4 shadow imps
  An ooze (D:2)
  3 worms
  A dart slug (D:1)
  6 leopard geckos
  90 orcs
  5 giant cockroaches
  6 goblins
  8 hobgoblins
  17 jackals
  4 quokkas
  4 ball pythons
  A ball python skeleton (D:4)
  5 bats
  5 frilled lizards
  10 kobolds
  A leopard gecko zombie (D:7)
  8 rats
  A butterfly (Lair:3)
618 creatures vanquished.

Vanquished Creatures (others)
  2 centaurs (D:13)
  An orc priest (D:13)
  4 orcs
  5 fungi
  2 plants (Lair:2)
14 creatures vanquished.

Grand Total: 632 creatures vanquished

Notes
Turn   | Place    | Note
-------+----------+-------------------------------------------
     0 | D:1      | nightchill the Gargoyle Fighter began the quest for the
                  | Orb.
     0 | D:1      | Reached XP level 1. HP: 14/14 MP: 1/1
     1 | D:1      | Found a runed door.
   301 | D:1      | Reached XP level 2. HP: 19/19 MP: 2/2
   985 | D:2      | Noticed Jessica
  1007 | D:2      | Killed Jessica
  1007 | D:2      | Reached XP level 3. HP: 20/24 MP: 3/3
  1101 | D:2      | Reached XP level 4. HP: 27/29 MP: 4/4
  1333 | D:2      | Noticed Sigmund
  1408 | D:2      | Found a sparkling altar of Nemelex Xobeh.
  1470 | D:2      | Noticed Natasha
  1497 | D:2      | Killed Natasha
  1710 | D:3      | Reached XP level 5. HP: 34/34 MP: 5/5
  2121 | D:3      | Found an iron altar of Okawaru.
  2178 | D:3      | Became a worshipper of Warmaster Okawaru
  2352 | D:3      | Reached skill level 5 in Maces & Flails
  2418 | D:3      | Reached XP level 6. HP: 40/40 MP: 6/6
  2995 | D:4      | Reached skill level 5 in Fighting
  3500 | D:4      | Reached * piety under Okawaru
  3500 | D:4      | Reached XP level 7. HP: 39/44 MP: 7/7
  3541 | D:4      | Found Ucrixtil's Assorted Antiques.
  3699 | D:5      | Entered Level 5 of the Dungeon
  3722 | D:5      | Found a staircase to the Ecumenical Temple.
  3752 | Temple   | Entered the Ecumenical Temple
  4033 | D:5      | Noticed a two-headed ogre
  4144 | D:5      | Noticed Grinder
  4187 | D:5      | Paralysed by Grinder for 5 turns
  4193 | D:5      | Killed Grinder
  4193 | D:5      | Reached skill level 1 in Invocations
  4273 | D:5      | Found a deep blue altar of Sif Muna.
  4922 | D:6      | Reached XP level 8. HP: 40/51 MP: 6/9
  5598 | D:6      | Reached ** piety under Okawaru
  5801 | D:6      | Found an ancient bone altar of Kikubaaqudgha.
  6211 | D:6      | Found a shadowy altar of Dithmenos.
  6708 | D:7      | Noticed Harold
  6726 | D:7      | Killed Harold
  6726 | D:7      | Reached skill level 5 in Invocations
  6726 | D:7      | Reached XP level 9. HP: 22/58 MP: 10/12
  7247 | D:7      | Found a runed door.
  7292 | D:7      | Learned a level 4 spell: Olgreb's Toxic Radiance
  7847 | D:7      | Found a blossoming altar of Fedhas.
  7890 | D:7      | Reached skill level 1 in Poison Magic
  8176 | D:8      | Reached skill level 10 in Maces & Flails
  8834 | D:9      | Reached XP level 10. HP: 45/65 MP: 14/14
  9022 | D:9      | Reached *** piety under Okawaru
  9221 | D:9      | Found a staircase to the Lair.
  9373 | D:9      | Noticed Psyche
  9395 | D:9      | Killed Psyche
  9900 | D:9      | Reached **** piety under Okawaru
 10091 | D:9      | Found a staircase to the Orcish Mines.
 10092 | D:9      | Noticed a two-headed ogre
 10100 | D:9      | Killed a two-headed ogre
 10133 | D:9      | Found a runed gate.
 10134 | D:9      | Found a runed gate.
 10136 | D:9      | Found a runed gate.
 10231 | D:9      | Found Omibrok's Book Boutique.
 10289 | D:9      | Noticed beigtais's ghost (journeyman DsWz)
 10361 | D:9      | Found Gijudaff's General Store.
 10681 | Lair:1   | Entered Level 1 of the Lair of Beasts
 10829 | Lair:1   | Reached skill level 5 in Poison Magic
 10941 | Lair:1   | Reached XP level 11. HP: 60/72 MP: 16/16
 11031 | Lair:1   | Reached skill level 10 in Fighting
 12169 | D:9      | Killed an unseen horror
 12169 | D:9      | Reached ***** piety under Okawaru
 12482 | D:6      | Got an ancient flail
 12486 | D:6      | Identified the +7 flail of Modesty {venom, Dex+4} (You
                  | found it on level 6 of the Dungeon)
 12729 | Lair:2   | Found a staircase to the Snake Pit.
 13239 | Lair:2   | Reached skill level 5 in Shields
 13357 | Lair:2   | Noticed a five-headed hydra
 13370 | Lair:2   | Killed a five-headed hydra
 13578 | Lair:2   | Received a gift from Okawaru
 13777 | Lair:2   | Reached XP level 12. HP: 71/80 MP: 18/18
 13886 | Lair:2   | Found a staircase to the Shoals.
 16192 | Lair:4   | Noticed an eight-headed hydra
 16204 | Lair:4   | Killed an eight-headed hydra
 17493 | Lair:5   | Noticed a four-headed hydra
 17525 | Lair:5   | Killed a four-headed hydra
 18547 | D:10     | Entered Level 10 of the Dungeon
 18560 | D:10     | Reached ****** piety under Okawaru
 18581 | D:10     | Noticed a two-headed ogre
 18862 | D:10     | Reached XP level 13. HP: 66/86 MP: 12/19
 18865 | D:10     | Reached skill level 10 in Shields
 19108 | D:10     | Found Qoumunor's Assorted Antiques.
 20390 | D:11     | Found Jupumean's General Store.
 20579 | D:11     | Got an ancient leather armour
 20586 | D:10     | Identified the +0 leather armour "Ceik" {*Corrode rPois MR+
                  | Int+3} (You found it on level 11 of the Dungeon)
 20629 | D:11     | Found Xegrabur's Gadget Boutique.
 20710 | D:11     | Found Riaf's Assorted Antiques.
 20726 | D:11     | Found Worel's Weapon Shop.
 20802 | D:11     | Found Qeatapt's Assorted Antiques.
 20924 | D:11     | Received a gift from Okawaru
 21502 | D:12     | Found a shattered altar of Ashenzari.
 21588 | D:12     | Noticed Nergalle
 21607 | D:12     | Killed Nergalle
 22695 | D:10     | Bought the +3 warlock's mirror {reflect} for 1040 gold
                  | pieces
 22695 | D:10     | Found the +3 warlock's mirror {reflect}
 23116 | D:12     | Reached skill level 1 in Evocations
 23122 | D:12     | Received a gift from Okawaru
 23122 | D:12     | Gained mutation: Your large and strong wings let you fly
                  | indefinitely. [Gargoyle growth]
 23122 | D:12     | Reached XP level 14. HP: 57/94 MP: 17/20
 23683 | D:12     | Found a basalt altar of Yredelemnul.
 23683 | D:12     | Noticed a vampire knight
 23711 | D:12     | Killed a vampire knight
 24580 | Orc:1    | Entered Level 1 of the Orcish Mines
 24591 | Orc:1    | Noticed Maurice
 24606 | Orc:1    | Killed Maurice
 24700 | Orc:1    | Reached skill level 5 in Armour
 25370 | Orc:2    | Entered Level 2 of the Orcish Mines
 25457 | Orc:2    | Noticed an orc warlord
 25504 | Orc:2    | Killed an orc warlord
 25647 | Orc:2    | Noticed Saint Roka
 25996 | Orc:2    | Found Tytomy's Book Shop.
 26735 | Orc:2    | Found Warelawu's Magic Scroll Shop.
 26735 | Orc:2    | Found Ofuqu's Distillery.
 26975 | Orc:2    | Found a roughly hewn altar of Beogh.
 26999 | Orc:2    | Found Liabetz's Armour Shop.
 26999 | Orc:2    | Found Plog's Jewellery Shoppe.
 27337 | D:11     | Bought a flickering lead amulet for 115 gold pieces
 27390 | D:11     | Identified the amulet "Wimef" {Spirit rElec rF- Str+2} (You
                  | bought it in a shop on level 11 of the Dungeon)
 27549 | Snake:1  | Entered Level 1 of the Snake Pit
 28354 | D:13     | Shot with a bolt by an orc knight

Skill      XL: |  1  2  3  4  5  6  7  8  9 10 11 12 13 14 |
---------------+-------------------------------------------+-----
Maces & Flails | 3 4 5 6 7 9 10 11 12 13 14 | 14.2
Fighting       | 4 5 6 7 8 9 11 12 13 14 | 14.0
Invocations    | 2 5 6 7 8 |  8.0
Poison Magic   | 2 5 7 8 |  8.0
Shields        | 6 9 12 | 12.3
Evocations     | 1 4 |  4.8
Armour         | 6 |  6.8

Action                   |  1- 3 |  4- 6 |  7- 9 | 10-12 | 13-15 || total
-------------------------+-------+-------+-------+-------+-------++-------
Melee: Flail             |   117 |   240 |   373 |   734 |  1178 ||  2642
 Cast: Olgreb's Toxic Ra |       |       |       |    10 |    22 ||    32
Invok: Heroism           |       |       |    12 |    18 |    25 ||    55
 Abil: Fly               |       |       |       |       |     1 ||     1
Evoke: Wand              |       |       |    10 |    18 |     6 ||    34
       Sack of spiders   |       |       |       |       |     1 ||     1
  Use: Scroll            |       |     9 |     7 |     9 |     9 ||    34
       Potion            |       |       |     1 |     1 |       ||     2
 Stab: Paralysed         |       |       |       |       |     9 ||     9
  Eat: Chunk             |     1 |     7 |    11 |    26 |    21 ||    66
       Ration            |       |       |     2 |     3 |     6 ||    11
Armor: Scale mail        |    72 |   124 |   106 |       |       ||   302
       Ring mail         |       |       |    50 |   449 |   386 ||   885
Dodge: Dodged            |    46 |    59 |    97 |   221 |   291 ||   714
Block: Shield            |    72 |   117 |   135 |   340 |   241 ||   905
       Buckler           |       |       |       |       |   269 ||   269
       Reflection        |       |       |       |       |    38 ||    38
